 Dungeon Crawl Stone Soup version 0.31-a0-232-gb1c03b2570 (webtiles) character file.

Game seed: 288487931831517123

67 qw the Shooter (level 4, -13/26 HPs)
             Began as a Gargoyle Hexslinger on July 7, 2023.
             Killed from afar by a steam dragon (16 damage)
             ... with a ball of steam
             ... on level 3 of the Dungeon.
             The game lasted 00:00:34 (1732 turns).

qw the Shooter (Gargoyle Hexslinger)                Turns: 1732, Time: 00:00:35

Health: -13/26     AC:  8    Str: 12    XL:     4   Next: 16%
Magic:  5/5        EV: 10    Int: 13    God:
Gold:   113        SH:  0    Dex: 14    Spells: 4/5 levels left

rFire   . . .        Y - +3 sling
rCold   . . .        (no shield)
rNeg    + . .        d - +0 ring mail
rPois   inf          (no helmet)
rElec   +            (no cloak)
rCorr   .            (no gloves)
SInv    .            (no boots)
Will    .....        (no amulet)
Stlth   +            (no ring)
HPRegen 0.24/turn    (no ring)
MPRegen 0.09/turn

%: no passive effects
@: no status effects
A: sickness immunity, AC +3, negative energy resistance 1, electricity
resistance, torment resistance 1, petrification resistance
a: no special abilities


You were on level 3 of the Dungeon.
You visited 1 branch of the dungeon, and saw 3 of its levels.

You collected 113 gold pieces.


Innate Abilities, Weirdness & Mutations

You are immune to sickness and miasma.
Your stone body is resilient. (AC +3)
You are immune to poison.
You resist negative energy. (rN+)
You are resistant to electric shocks. (rElec)
You are resistant to unholy torment.
You are immune to petrification.


   Skills:
 - Level 2.0 Fighting
 - Level 4.0 Ranged Weapons
 + Level 0.0 Armour
 - Level 1.5 Dodging
 - Level 1.0 Spellcasting
 - Level 2.6 Hexes


You had 4 spell levels left.
You knew the following spells:

 Your Spells              Type           Power      Damage    Failure   Level
a - Slow                  Hex            28%        N/A       22%         1

Your spell library contained the following spells:

 Spells                   Type           Power      Damage    Failure   Level
 Inner Flame              Hex/Fire       4%         N/A       73%         3
 Portal Projectile        Hex/Tloc       8%         N/A       73%         3
 Cause Fear               Hex            3%         N/A       91%         4

Inventory:

Hand Weapons
 Y - a +3 sling (weapon)
Armour
 a - a +0 cloak
 d - a +0 ring mail (worn)
Scrolls
 b - a scroll of amnesia {unknown}
 i - a scroll of identify
Potions
 e - 2 potions of lignification {unknown}
 f - a potion of curing {unknown}
 g - a potion of invisibility {unknown}
 h - a potion of degeneration {unknown}

Dungeon Overview and Level Annotations

Branches:
Dungeon (3/15)

Altars:
Gozag

Annotations:
D:3 2 transporters, qw's ghost, amateur GrHs


Message History

You shoot a sling bullet.
The sling bullet closely misses the adder.
The adder bites you but does no damage. x2; The orc hits you with a +0 whip.
The kobold closely misses you.
You shoot a sling bullet. The sling bullet hits the adder.
The adder is lightly wounded.
The adder closely misses you. The orc hits you with a +0 whip.
The kobold closely misses you. The adder bites you but does no damage.
You shoot a sling bullet. The sling bullet misses the adder.
The kobold closely misses you. The orc hits you but does no damage.
The adder bites you but does no damage. The kobold closely misses you.
The orc hits you but does no damage. The adder bites you but does no damage.
You shoot a sling bullet. The sling bullet hits the adder.
The adder is moderately wounded.
The adder bites you. The orc misses you.
The kobold hits you but does no damage.
You shoot a sling bullet. The sling bullet hits the adder.
The adder is severely wounded.
The adder closely misses you. The kobold hits you but does no damage.
The orc hits you with a +0 whip. The adder completely misses you.
The kobold hits you but does no damage. The orc barely misses you.
You shoot a sling bullet.
The sling bullet completely misses the adder.
The adder bites you. The adder bites you but does no damage.
The orc hits you but does no damage. The kobold barely misses you.
You shoot a sling bullet. The sling bullet hits the adder.
You kill the adder!
The kobold hits you with a +0 short sword.
The orc barely misses you.
Your Ranged Weapons skill increases to level 4!
You shoot a sling bullet. The sling bullet hits the orc.
The orc is severely wounded.
The kobold hits you but does no damage. The orc barely misses you. x2
The kobold hits you but does no damage.
You shoot a sling bullet. The sling bullet barely misses the orc.
The steam dragon breathes steam at you.
The ball of steam hits the orc!
The orc dies!
The ball of steam hits you!
Ouch! That really hurt!
You die...

###############
#..............
#.######..#####
#.######..#
##.#.......#####
#...............
###..#.####..#####
#......>.##..#..
#@#..#.#.##..#.#
#ooD¤K.....#.##..#.#
#..l###).#.###.##..#.#
## #..#.# #.......###
#..#........:.....
#..###############
#..# ...#


You could see a steam dragon (catching breath), 2 orcs, a kobold and a frilled
lizard.

Vanquished Creatures
  2 adders (D:3)
  2 worms
  An orc (D:3)
  2 ball pythons (D:1)
  3 bats
  6 endoplasms
  2 giant cockroaches (D:1)
  5 goblins
  5 hobgoblins
  A quokka (D:2)
  A frilled lizard (D:1)
  3 kobolds
  5 rats
38 creatures vanquished.

Vanquished Creatures (others)
  An orc (D:3)
1 creature vanquished.

Grand Total: 39 creatures vanquished

Notes
Turn   | Place    | Note
-------+----------+-------------------------------------------
     0 | D:1      | qw the Gargoyle Hexslinger began the quest for the Orb.
     0 | D:1      | Reached XP level 1. HP: 12/12 MP: 2/2
     0 | D:1      | 0 ||| qw: Version: 0.3-a-46-gb1f654a
     0 | D:1      | 0 ||| qw: Game counter: 2902
     0 | D:1      | 0 ||| qw: Melee chars always use a shield: true
     0 | D:1      | 0 ||| qw: God list: Okawaru
     0 | D:1      | 0 ||| qw: Allow faded altars: false
     0 | D:1      | 0 ||| qw: Do Orc after clearing Dungeon:15 true
     0 | D:1      | 0 ||| qw: Do second Lair branch before Depths: true
     0 | D:1      | 0 ||| qw: Lair rune preference: random
     0 | D:1      | 0 ||| qw: Goals: Normal
     0 | D:1      | 0 ||| PLANNING D:1-11
   223 | D:1      | Reached XP level 2. HP: 16/16 MP: 3/3
   305 | D:1      | Reached skill level 3 in Ranged Weapons
   348 | D:1      | You fall into a shaft and drop 1 floor!
   386 | D:2      | 386 ||| READING scroll labelled ARIHUA ZAOXTA.
   387 | D:2      | 387 ||| DROPPING scroll of poison.
   476 | D:1      | Reached XP level 3. HP: 20/21 MP: 4/4
   496 | D:1      | Found a faded altar of an unknown god.
   765 | D:1      | 765 ||| UPGRADING to +0 ring mail.
   775 | D:1      | 775 ||| DROPPING +0 robe.
   776 | D:1      | 776 ||| READING scroll labelled ELEINK NOCUPH.
   792 | D:2      | 792 ||| STAIRDANCE
  1102 | D:2      | Found an opulent altar of Gozag.
  1578 | D:2      | 1578 ||| READING 2 scrolls labelled GOWNEM ZYTANK.
  1579 | D:2      | 1579 ||| READING scroll of enchant weapon.
  1579 | D:2      | 1579 ||| ENCHANTING +2 sling.
  1580 | D:2      | 1580 ||| READING scroll labelled QIOF ZITHROACEO.
  1581 | D:2      | 1581 ||| READING scroll labelled ZUFEESHRABLE.
  1585 | D:2      | 1585 ||| READING 2 scrolls of identify.
  1585 | D:2      | 1585 ||| IDENTIFYING metallic orange potion
  1586 | D:2      | 1586 ||| DROPPING potion of brilliance.
  1648 | D:3      | Noticed qw's ghost (amateur GrHs)
  1648 | D:3      | Noticed an ogre
  1649 | D:3      | Found a transporter.
  1649 | D:3      | Noticed an ogre
  1659 | D:3      | Found a transporter.
  1716 | D:3      | Noticed a steam dragon
  1724 | D:3      | Reached XP level 4. HP: 16/26 MP: 5/5
  1728 | D:3      | HP: 6/26 [orc/+0 whip (4)]
  1730 | D:3      | HP: 2/26 [kobold/+0 short sword (2)]
  1731 | D:3      | Reached skill level 4 in Ranged Weapons
  1732 | D:3      | Killed from afar by a steam dragon

Levels and vault maps discovered:
D:1:      roderic_crossed_star, layout_basic, shapermc_ecumenical_altar_gd,
          st_stairs_9
D:2:      layout_basic, basic_altar
D:3:      layout_loops_ring, gammafunk_ghost_smash, minmay_gold_behind_fungi,
          minmay_ogre_servants, uniq_ijyb

Skill      XL: |  1  2  3  4 |
---------------+-------------+-----
Ranged Weapons | 3 4 |  4.0
Fighting       | 2 |  2.0
Dodging        | |  1.5
Spellcasting   | |  1.0
Hexes          | |  2.6

Action                     |  1- 3 |  4- 6 || total
---------------------------+-------+-------++-------
   Fire: Sling             |   116 |     9 ||   125
    Use: Scroll            |     7 |       ||     7
 Armour: Robe              |     5 |       ||     5
         Ring mail         |    21 |    14 ||    35
  Dodge: Dodged            |    45 |    13 ||    58

Table legend:
 A = Non-vault XP
 B = Vault XP
 C = Vault XP percentage of total XP
 D = Non-vault monster count
 E = Vault monster count
 F = Vault count percentage of total count
                 A         B        C        D         E       F
            +---------+---------+-------+---------+---------+-------
      Total |      95 |       3 |   3.1 |      37 |       2 |   5.1
            +---------+---------+-------+---------+---------+-------
        D:1 |      39 |       3 |   7.1 |      21 |       2 |   8.7
        D:2 |      21 |       0 |   0.0 |      10 |       0 |   0.0
        D:3 |      35 |       0 |   0.0 |       6 |       0 |   0.0
            +---------+---------+-------+---------+---------+-------
